 Dungeon Crawl Stone Soup version 0.28.0-43-g3370ac3207 (webtiles) character file.

Game seed: 8495509899804310864

266 Zonian the Chiller (level 6, -1/41 HPs)
             Began as a Demonspawn Ice Elementalist on Mar 1, 2022.
             Was an Initiate of Yredelemnul.
             Slain by a hobgoblin
             ... wielding a +0 club
              (3 damage)
             ... on level 3 of the Dungeon.
             The game lasted 00:11:07 (5120 turns).

Zonian the Chiller (Demonspawn Ice Elementalist)    Turns: 5120, Time: 00:11:07

Health: -1/41      AC:  6    Str:  5 (8)  XL:     6   Next: 0%
Magic:  8/9        EV: 12    Int: 17 (20) God:    Yredelemnul [......]
Gold:   304        SH:  0    Dex: 11 (12) Spells: 4/11 levels left

rFire   . . .      SeeInvis .   k - +2 dagger (venom)
rCold   . . .      Faith    .   (no shield)
rNeg    . . .      Spirit   .   a - +0 robe
rPois   .          Reflect  .   (no helmet)
rElec   .          Harm     .   d - +0 cloak
rCorr   .          Rampage  .   (no gloves)
Will    .....      Clarity  +   m - +2 pair of boots
Stlth   ++........              (no amulet)
HPRegen 0.13/turn               (no ring)
MPRegen 0.11/turn               (no ring)

@: studying Evocations
A: big brain 1, weakness stinger 2, clarity, clumsy 1, low MP 1
a: Renounce Religion, Recall Undead Harvest


You were on level 3 of the Dungeon.
You worshipped Yredelemnul.
Yredelemnul was noncommittal.
You visited 1 branch of the dungeon, and saw 3 of its levels.

You collected 304 gold pieces.

Inventory:

Hand Weapons
 e - a +0 hand axe of venom
 g - a +1 long sword of distortion
 k - a +2 dagger of venom (weapon)
Missiles
 f - 2 silver boomerangs
Armour
 a - a +0 robe (worn)
 d - a +0 cloak (worn)
 m - a +2 pair of boots (worn)
Wands
 p - a wand of digging (2)
Scrolls
 i - 3 scrolls of immolation
Potions
 j - 2 potions of resistance


   Skills:
 + Level 2.9 Dodging
 + Level 3.3 Stealth
 + Level 3.0 Spellcasting
 + Level 4.3 Ice Magic
 + Level 3.0 Invocations


You had 4 spell levels left.
You knew the following spells:

 Your Spells              Type           Power      Damage    Failure   Level
a - Freeze                Ice            68%        1d8       3%          1
b - Frozen Ramparts       Ice            34%        1d5       9%          3
c - Ozocubu's Armour      Ice            17%        N/A       9%          3

Your spell library contained the following spells:

 Spells                   Type           Power      Damage    Failure   Level
 Blink                    Tloc           4%         N/A       26%         2
 Dazzling Flash           Conj/Hex       4%         N/A       45%         3
 Lesser Beckoning         Tloc           2%         N/A       45%         3
 Hailstorm                Conj/Ice       10%        3d5       56%         4
 Iskenderun's Mystic Bla  Conj/Tloc      2%         2d3       86%         4
 Manifold Assault         Tloc           2%         N/A       99%         5
 Starburst                Conj/Fire      1%         6d3       100%        6


Dungeon Overview and Level Annotations

Branches:
Dungeon (3/15)

Altars:
Ru
Yredelemnul

Shops:
D:3 !(*

Annotations:
D:3 Grinder


Innate Abilities, Weirdness & Mutations

You have an unusually large brain. (Int +2)
You have a tail ending in a sharp stinger.
You possess an exceptional clarity of mind.
You are clumsy. (Dex -2)
Your magical capacity is low. (-10% MP)


Message History

The hobgoblin misses you. Grinder gestures at you.
Pain shoots through your body!
* * * LOW HITPOINT WARNING * * *
It was a potion of mutation.
You feel extremely strange.
You feel less energetic.
You feel clumsy.
Your thoughts seem clearer.
The goblin closely misses you.
Your hobgoblin zombie closely misses Grinder.
Your hobgoblin zombie hits Grinder.
Grinder hits you.
* * * LOW HITPOINT WARNING * * *
You writhe in agony.
* * * LOW HITPOINT WARNING * * *
The hobgoblin closely misses you.
It was a potion of degeneration.
There was something very wrong with that liquid.
You feel weakened.
You feel dopey.
You feel clumsy. The goblin hits you but does no damage.
Your hobgoblin zombie hits Grinder.
The hobgoblin hits you with a +0 club.
* * * LOW HITPOINT WARNING * * *
Grinder says, "At least Makhleb appreciates what I'm doing."
Grinder hits you but does no damage.
It was a potion of curing.
You feel better.
Your hobgoblin zombie barely misses Grinder.
The goblin closely misses you.
Your hobgoblin zombie hits Grinder but does no damage.
The hobgoblin hits you with a +0 club.
* * * LOW HITPOINT WARNING * * *
Grinder hits you but does no damage.
Casting: Freeze (safe; 3% risk of failure)
Confirm with . or Enter, or press ? or * to list all spells.
Aiming: Freeze (safe; 3% risk of failure)
Press: ? - help, Shift-Dir - straight line, f/p - Grinder
Aim: Grinder (heavily wounded, very poisoned, ally target)
You freeze Grinder.
Grinder resists.
Grinder is heavily wounded.
The goblin barely misses you.
Your hobgoblin zombie hits Grinder.
A goblin comes into view. It is wielding a +0 hunting sling.
The hobgoblin hits you with a +0 club.
You die...
Your body rises from the dead as a mindless zombie.

≈≈≈≈≈≈≈≈≈≈≈≈≈≈≈≈≈≈≈≈≈≈≈≈≈≈≈≈≈≈≈≈≈
≈≈≈≈≈≈≈≈≈≈≈≈≈≈≈≈≈≈≈≈≈≈≈≈≈≈≈≈≈≈≈≈≈
###########********#######*******
.....#....#,,,,,,,*.......,,,,,,,
.....#....#,,,,,,,+[......,,,,,,,
######....#########......,,,,,,,,
....#......#..........#*******,,,
....'......'...ZZg....# *,,,
....#......#...5@g....#*******,,,
######.(..#########....g..,,,,,,,
)....#.)).#,,,,,,,+.......,,,,,,,
)....#....#,,,,,,,*.......,,,,,,,
#######''########################
≈≈≈≈≈.....≈≈≈≈≈≈≈≈≈≈≈≈≈≈≈≈≈≈≈≈≈≈≈
≈≈≈≈≈......≈≈≈≈≈≈≈≈≈≈≈≈≈≈≈≈≈≈≈≈≈≈
≈≈≈≈≈≈....≈≈≈≈≈≈≈≈≈≈≈≈≈≈≈≈≈≈≈≈≈≈≈
.≈≈≈≈.....≈≈.≈.≈.≈≈≈.≈≈≈≈≈..≈≈.≈≈


You could see Grinder (very poisoned, ally target), a hobgoblin, 2 goblins and 2
friendly hobgoblin zombies.

Vanquished Creatures
  Jessica (D:2)
  4 gnolls
  Robin (D:3)
  5 adders
  2 dart slugs (D:3)
  3 orcs (D:3)
  6 bats
  4 endoplasms
  A giant cockroach (D:3)
  26 goblins
  20 hobgoblins
  2 jackals (D:1)
  3 quokkas
  5 ball pythons
  2 frilled lizards
  8 kobolds
  3 rats
96 creatures vanquished.

Vanquished Creatures (collateral kills)
  An adder (D:3)
  A dart slug (D:2)
  An endoplasm (D:3)
  8 goblins (D:3)
  5 hobgoblins (D:3)
  A jackal (D:1)
17 creatures vanquished.

Vanquished Creatures (others)
  3 adder zombies (D:3)
  3 bat zombies
  A ball python zombie (D:2)
  A dart slug zombie (D:3)
  A frilled lizard zombie (D:3)
  16 goblin zombies
  8 hobgoblin zombies (D:3)
  2 kobold zombies
  2 orc zombies (D:3)
  A quokka zombie (D:2)
  A spectral endoplasm (D:2)
39 creatures vanquished.

Grand Total: 152 creatures vanquished

Notes
Turn   | Place    | Note
-------+----------+-------------------------------------------
     0 | D:1      | Zonian the Demonspawn Ice Elementalist began the quest for
                  | the Orb.
     0 | D:1      | Reached XP level 1. HP: 13/13 MP: 3/3
   541 | D:1      | Gained mutation: You have a small tail. [demonic ancestry]
   541 | D:1      | Reached XP level 2. HP: 15/19 MP: 1/5
   652 | D:1      | Found a faded altar of an unknown god.
   665 | D:1      | Prayed at the altar of an unknown god.
   665 | D:1      | Became a worshipper of Yredelemnul the Dark
   665 | D:1      | Reached * piety under Yredelemnul
  1462 | D:2      | Reached XP level 3. HP: 14/24 MP: 6/6
  1507 | D:2      | Noticed Jessica
  1540 | D:2      | Killed Jessica
  1541 | D:2      | Reached skill level 4 in Ice Magic
  1541 | D:2      | Reached skill level 1 in Invocations
  2245 | D:2      | Gained mutation: You have an unusually large brain. (Int
                  | +2) [demonic ancestry]
  2245 | D:2      | Reached XP level 4. HP: 15/30 MP: 5/7
  3104 | D:3      | Found Taloy's Distillery.
  3115 | D:3      | Found a sacrificial altar of Ru.
  3152 | D:3      | Found Giregiul's Antique Weapon Shop.
  3300 | D:3      | Noticed Robin
  3341 | D:3      | Killed Robin
  3342 | D:3      | Gained mutation: You have a tail ending in a sharp stinger.
                  | [demonic ancestry]
  3342 | D:3      | Reached XP level 5. HP: 13/35 MP: 7/9
  3634 | D:3      | Reached ** piety under Yredelemnul
  3874 | D:3      | Found Acuymeal's General Store.
  4318 | D:3      | Reached *** piety under Yredelemnul
  4402 | D:3      | Learned a level 3 spell: Frozen Ramparts
  4406 | D:3      | Learned a level 3 spell: Ozocubu's Armour
  5018 | D:3      | Reached XP level 6. HP: 37/41 MP: 10/10
  5091 | D:3      | Noticed Grinder
  5101 | D:3      | Paralysed by Grinder for 6 turns
  5117 | D:3      | Gained mutation: Your magical capacity is low. (-10% MP)
                  | [potion of mutation]
  5117 | D:3      | Gained mutation: You are clumsy. (Dex -2) [potion of
                  | mutation]
  5117 | D:3      | Gained mutation: You possess an exceptional clarity of
                  | mind. [potion of mutation]
  5119 | D:3      | HP: 2/41 [hobgoblin/+0 club (6)]
  5120 | D:3      | Slain by a hobgoblin

Illustrated notes

Levels and vault maps discovered:
D:1:      minmay_arrival_wavy_path, layout_basic, ebering_ecumenical_altar_rust
D:2:      layout_loops_cross, roderic_roman_lattice, uniq_jessica
D:3:      minmay_goblin_kobold_castle, layout_basic, nicolae_ru_path_of_blood,
          serial_shops, shop_coins, nicolae_shop_statue_plus, shop,
          kennysheep_generic_room_4, uniq_robin, uniq_grinder

Skill      XL: |  1  2  3  4  5 |
---------------+----------------+-----
Dodging        | 2 |  2.9
Stealth        | 2 3 |  3.3
Ice Magic      | 4 |  4.3
Invocations    | 1 2 3 |  3.0
Spellcasting   | 3 |  3.0

Action                   |  1- 3 |  4- 6 || total
-------------------------+-------+-------++-------
Melee: Unarmed           |     4 |       ||     4
       Hand axe          |    41 |     4 ||    45
       Tailslap          |     5 |    20 ||    25
       Dagger            |       |   162 ||   162
       Punch             |       |     2 ||     2
 Cast: Freeze            |    16 |    17 ||    33
Invok: Recall Undead Har |     1 |       ||     1
  Use: Scroll            |       |     4 ||     4
       Potion            |       |     4 ||     4
 Stab: Sleeping          |     2 |     8 ||    10
       Distracted        |       |     1 ||     1
Armor: Robe              |     6 |    62 ||    68
Dodge: Dodged            |    29 |   140 ||   169
